 Dungeon Crawl Stone Soup version 0.27.1-34-g3ba077fa99 (webtiles) character file.

Game seed: 11385190329870996089

3670 riojii the Skirmisher (level 9, -2/74 HPs)
             Began as a Demonspawn Berserker on Jan 5, 2022.
             Was an Elder of Trog.
             Slain by a yak (9 damage)
             ... on level 10 of the Dungeon.
             The game lasted 00:20:14 (10261 turns).

riojii the Skirmisher (Demonspawn Berserker)       Turns: 10261, Time: 00:20:16

Health: -2/74      AC:  7    Str: 22    XL:     9   Next: 89%
Magic:  9/9        EV: 15    Int:  8    God:    Trog [****..]
Gold:   291        SH:  5    Dex: 16    Spells: 8/8 levels left

rFire    . . .     SeeInvis .     - Unarmed
rCold    + . .     Faith    .   (no shield)
rNeg     . . .     Spirit   .   f - +0 chain mail
rPois    .         Reflect  +   (helmet restricted)
rElec    .         Harm     .   j - +0 cloak
rCorr    .         Rampage  .   (no gloves)
Will     .....                  (no boots)
Stlth    ..........             e - amulet of reflection
HPRegen  0.22/turn              u - +4 ring of evasion
MPRegen  0.22/turn              y - +6 ring of dexterity

@: no status effects
A: antennae 1, talons 2, foul stench 1, magic regeneration, clumsy 1, cold
resistance 1, deformed body
a: Renounce Religion, Berserk, Trog's Hand, Brothers in Arms


You were on level 10 of the Dungeon.
You worshipped Trog.
Trog was greatly pleased with you.
You visited 1 branch of the dungeon, and saw 10 of its levels.

You collected 395 gold pieces.
You spent 104 gold pieces at shops.

Inventory:

Missiles
 z - 2 throwing nets (quivered)
Armour
 f - a +0 chain mail (worn)
 h - a +1 pair of boots
 j - a +0 cloak (worn)
 t - a +0 pair of boots
Jewellery
 e - an amulet of reflection (around neck)
 g - a ring of willpower
 m - a ring of magical power
 u - a +4 ring of evasion (left hand)
 y - a +6 ring of dexterity (right hand)
Scrolls
 a - 2 scrolls of amnesia {unknown}
 b - a scroll of fear {unknown}
 c - 4 scrolls of teleportation {unknown}
 k - 2 scrolls of immolation {unknown}
 r - a scroll of vulnerability {unknown}
 s - 8 scrolls of identify {unknown}
 x - a scroll of torment {unknown}
Potions
 d - 2 potions of brilliance {unknown}
 i - 2 potions of degeneration {unknown}
 l - 3 potions of flight {unknown}
 n - 3 potions of heal wounds {unknown}
 o - 3 potions of curing {unknown}
 p - a potion of resistance {unknown}
 q - a potion of cancellation {unknown}
 v - a potion of haste {unknown}
 w - 2 potions of attraction {unknown}
 A - a potion of might {unknown}


   Skills:
 + Level 7.8 Fighting
 + Level 6.7 Armour
 + Level 6.7 Dodging
 + Level 7.1 Unarmed Combat


You had 8 spell levels left.
You didn't know any spells.
Your spell library was empty.

Dungeon Overview and Level Annotations

Branches:
Dungeon (10/15)            Temple (0/1) D:7
   Lair: D:8-11         Orc: D:9-12

Altars:

Shops:
D:2 ?   D:4 =   D:5 =!!?=


Innate Abilities, Weirdness & Mutations

You have a pair of small antennae on your head.
You have razor-sharp toenails.
You may rarely emit foul miasma when damaged in melee.
You regenerate magic rapidly.
You are clumsy. (Dex -2)
Your flesh is cold resistant. (rC+)
Armour fits poorly on your strangely shaped body.


Message History

You punch the ice beast!
You kill the ice beast!
Trog accepts your kill.
There is a stone staircase leading down here.
You climb downwards.
Found a scale mail and a ring mail.
Found a stone staircase leading down.
There is a stone staircase leading up here.
There is a stone staircase leading down here.
You climb downwards.
You hear the roar of battle.
There is an entrance to a bailey on this level.
Hurry and find it before the portal closes forever!
The troll shouts!
The yak bellows! x3; You hear a bellow!
You hear two shouts!
You hear a bark! x2; You hear a howl! x2
Found 15 gold pieces and a bone wand.
There is a stone staircase leading up here.
A yak comes into view.
The yak bellows!
You hear a bark!
The yak gores you!
A two-headed ogre comes into view.
It is wielding two +0 giant spiked clubs.
The two-headed ogre shouts in stereo!
The yak gores you!
A wolf comes into view.
The yak barely misses you. The yak gores you!
* * * LOW HITPOINT WARNING * * *
The wolf howls!
You hear a howl!
The troll barely misses you. The troll claws you but does no damage.
You block the troll's attack. The yak closely misses you.
A centaur comes into view.
The yak gores you!
* * * LOW HITPOINT WARNING * * *
You emit a cloud of foul miasma!
The yak closely misses you. The yak misses you.
The centaur shouts!
The wolf stops to sniff the ground.
The troll barely misses you. You block the troll's attack.
The troll barely misses you. The yak gores you.
* * * LOW HITPOINT WARNING * * *
The yak is engulfed in dark miasma.
The yak is poisoned.
The yak seems to slow down.
The yak gores you!
You die...

.... #.....
##....c. ......##.
#. ###...$....
#... ##.....O....
.....#<..Y..≈....
.........YYY.≈≈≈..
.........Y@Y≈≈≈≈≈≈
..........T≈≈≈≈≈≈≈
.###....../...≈≈≈≈
......#..≈≈h≈≈≈.
..##.............
..........≈≈≈≈≈≈≈
.........≈≈≈≈≈≈≈
..........≈≈≈≈≈≈


You could see a two-headed ogre, 6 yaks, a troll, a wolf and a centaur.

Vanquished Creatures
  The ghost of solodx the Protected, a novice MiBe of Trog (D:7)
  A wyvern (D:8)
  A steam dragon (D:4)
  2 water moccasins
  3 sky beasts
  2 ice beasts
  A necrophage (D:7)
  3 centaurs
  A phantom (D:5)
  2 kobold brigands (D:7)
  5 bullfrogs
  4 scorpions
  A water moccasin skeleton (D:6)
  4 killer bees (D:8)
  4 howler monkeys
  A bullfrog zombie (D:6)
  A hound (D:6)
  2 gnoll shamans
  3 orc priests
  2 jellies
  A centaur skeleton (D:6)
  4 iguanas
  3 orc wizards
  10 adders
  13 gnolls
  2 shadow imps
  2 white imps (D:7)
  A worm (D:2)
  2 adder skeletons
  3 dart slugs
  12 orcs
  7 endoplasms
  2 giant cockroaches
  10 goblins
  10 hobgoblins
  8 jackals
  5 quokkas
  6 ball pythons
  3 bats
  5 frilled lizards
  19 kobolds
  20 rats
192 creatures vanquished.

Vanquished Creatures (collateral kills)
  A centaur skeleton (D:7)
  A killer bee zombie (D:7)
2 creatures vanquished.

Vanquished Creatures (others)
  A kobold brigand (D:8)
1 creature vanquished.

Grand Total: 195 creatures vanquished

Notes
Turn   | Place    | Note
-------+----------+-------------------------------------------
     0 | D:1      | riojii the Demonspawn Berserker began the quest for the
                  | Orb.
     0 | D:1      | Reached XP level 1. HP: 18/18 MP: 1/1
   467 | D:1      | Gained mutation: You have sharp toenails. [demonic
                  | ancestry]
   467 | D:1      | Reached XP level 2. HP: 22/24 MP: 2/2
  1046 | D:2      | Found Jaigh's Magic Scroll Shop.
  1106 | D:2      | Reached ** piety under Trog
  1174 | D:2      | Reached XP level 3. HP: 27/29 MP: 3/3
  1579 | D:2      | Gained mutation: You have a pair of small antennae on your
                  | head. [demonic ancestry]
  1579 | D:2      | Reached XP level 4. HP: 36/36 MP: 4/4
  2029 | D:3      | Reached *** piety under Trog
  2564 | D:4      | Reached XP level 5. HP: 42/42 MP: 5/5
  2691 | D:4      | Found Vujogily's Jewellery Shop.
  2711 | D:4      | Noticed a steam dragon
  2727 | D:4      | Killed a steam dragon
  2728 | D:4      | Reached XP level 6. HP: 30/49 MP: 6/6
  3997 | D:5      | Entered Level 5 of the Dungeon
  4097 | D:5      | Found Cijy's Jewellery Boutique.
  4136 | D:5      | Found Etsippuh's Distillery.
  4139 | D:5      | Bought a potion of mutation for 104 gold pieces
  4139 | D:5      | Gained mutation: Your mind is acute. (Int +2) [potion of
                  | mutation]
  4139 | D:5      | Gained mutation: You sometimes lose the ability to read
                  | scrolls when taking damage. [potion of mutation]
  4139 | D:5      | Lost mutation: Your mind is acute. (Int +2) [potion of
                  | mutation]
  4139 | D:5      | Gained mutation: You evolve. [potion of mutation]
  4160 | D:5      | Found Didodac's Jewellery Shoppe.
  4207 | D:5      | Lost mutation: You sometimes lose the ability to read
                  | scrolls when taking damage. [potion of mutation]
  4207 | D:5      | Gained mutation: You are clumsy. (Dex -2) [potion of
                  | mutation]
  4207 | D:5      | Gained mutation: Your flesh is cold resistant. (rC+)
                  | [potion of mutation]
  4207 | D:5      | Gained mutation: Armour fits poorly on your strangely
                  | shaped body. [potion of mutation]
  4207 | D:5      | Gained mutation: You have razor-sharp toenails. [potion of
                  | mutation]
  4213 | D:5      | Found Vaezas's Distillery.
  4310 | D:5      | Reached XP level 7. HP: 41/55 MP: 7/7
  4849 | D:5      | Reached skill level 5 in Fighting
  5011 | D:5      | Found Ficrin's Magic Scroll Boutique.
  5563 | D:6      | Reached skill level 5 in Unarmed Combat
  5563 | D:6      | Gained mutation: You regenerate magic rapidly. [demonic
                  | ancestry]
  5563 | D:6      | Reached XP level 8. HP: 55/63 MP: 8/8
  5573 | D:6      | Reached **** piety under Trog
  5802 | D:6      | Reached skill level 5 in Dodging
  6344 | D:6      | Reached skill level 5 in Armour
  7858 | D:7      | Found a staircase to the Ecumenical Temple.
  7861 | D:7      | Found a transporter.
  7861 | D:7      | Noticed solodx's ghost (novice MiBe)
  7864 | D:7      | Found a transporter.
  7884 | D:7      | Identified the +4 great sword of the Living Dead {elec, rC+
                  | rCorr Str+3}
  7950 | D:7      | Gained mutation: You may rarely emit foul miasma when
                  | damaged in melee. [demonic ancestry]
  7950 | D:7      | Reached XP level 9. HP: 71/71 MP: 9/9
  8740 | D:7      | Killed solodx's ghost
  9095 | D:8      | Lost mutation: Armour fits poorly on your strangely shaped
                  | body. [evolution]
 10195 | D:8      | Gained mutation: Armour fits poorly on your strangely
                  | shaped body. [evolution]
 10195 | D:8      | Lost mutation: You evolve. [end of evolution]
 10255 | D:10     | Entered Level 10 of the Dungeon
 10255 | D:10     | Noticed a troll
 10257 | D:10     | Noticed a two-headed ogre
 10261 | D:10     | Slain by a yak

Illustrated notes

Levels and vault maps discovered:
D:1:      beargit_arrival_greenhouse, layout_basic
D:2:      layout_rooms, serial_shops, shop, minmay_rat_hole
D:3:      layout_loops_ring
D:4:      layout_basic, serial_shops, kennysheep_little_box
D:5:      layout_gridville, serial_shops, nicolae_shop_waterfront,
          nicolae_shop_behind_doors, nicolae_shop_crystal, shop,
          nicolae_shop_trees
D:6:      layout_loops_ring
D:7:      layout_loops_ring, temple_statues, gammafunk_ghost_arena,
          patterned_corridor
D:8:      layout_gridville, nicolae_dithmenos_through_a_glass_darkly,
          onia_ninara_dug_in_and_dangerous
D:9:      layout_gridville, eino_curves_03, kennysheep_generic_room_10
D:10:     layout_cave_pools, erik_lair_island, enter_bailey_8

Skill      XL: |  1  2  3  4  5  6  7  8  9 |
---------------+----------------------------+-----
Dodging        | 2 3 4 5 6 |  6.7
Unarmed Combat | 3 4 5 6 7 |  7.1
Armour         | 2 3 4 5 6 |  6.7
Fighting       | 4 5 6 7 |  7.8

Action                   |  1- 3 |  4- 6 |  7- 9 || total
-------------------------+-------+-------+-------++-------
Melee: Unarmed           |   134 |   191 |   347 ||   672
       Kick              |    20 |    56 |    83 ||   159
       Punch             |       |     3 |    11 ||    14
Invok: Berserk           |     1 |     3 |     6 ||    10
       Trog's Hand       |       |       |     1 ||     1
       Brothers in Arms  |       |       |     1 ||     1
  Use: Potion            |       |     2 |       ||     2
 Stab: Held in net/web   |       |       |     1 ||     1
Armor: Animal skin       |    15 |       |       ||    15
       Ring mail         |     9 |       |       ||     9
       Chain mail        |    27 |    80 |   134 ||   241
Dodge: Dodged            |    63 |    53 |   148 ||   264
Block: Other             |    13 |    43 |    73 ||   129
       Reflection        |       |     3 |     5 ||     8
